 Dungeon Crawl Stone Soup version 0.29.1-12-g30fa7ad0bf (webtiles) character file.

Game seed: 3060707969359606821

124 suipiss the Trooper (level 4, -9/35 HPs)
             Began as a Demonspawn Abyssal Knight on Dec 31, 2022.
             Was a Priest of Lugonu.
             Mangled by a black bear (10 damage)
             ... on level 3 of the Dungeon.
             The game lasted 00:05:25 (2701 turns).

suipiss the Trooper (Demonspawn Abyssal Knight)     Turns: 2701, Time: 00:05:27

Health: -9/35      AC:  7    Str: 13 (15) XL:     4   Next: 81%
Magic:  6/6        EV: 11    Int: 11 (12) God:    Lugonu [***...]
Gold:   149        SH:  0    Dex: 19 (21) Spells: 5/6 levels left

rFire   . . .      SeeInvis .   a - +2 spear
rCold   . . .      Faith    .   (no shield)
rNeg    . . .      Spirit   .   c - +0 ring mail
rPois   .          Reflect  .   d - +1 helmet
rElec   .          Harm     .   (no cloak)
rCorr   .          Rampage  .   (no gloves)
Will    .....                   (no boots)
Stlth   ++........              (no amulet)
HPRegen 0.11/turn               e - +6 ring of dexterity
MPRegen 0.10/turn               (no ring)

@: flying
A: thin skeletal structure 1
a: Renounce Religion, Depart the Abyss, Bend Space, Banish


You were on level 3 of the Dungeon.
You worshipped Lugonu.
Lugonu was most pleased with you.
You visited 1 branch of the dungeon, and saw 3 of its levels.
You visited the Abyss 1 time.

You collected 149 gold pieces.

Inventory:

Hand Weapons
 a - a +2 spear (weapon)
Missiles
 h - 2 throwing nets
Armour
 b - a +0 leather armour
 c - a +0 ring mail (worn)
 d - a +1 helmet (worn)
Jewellery
 e - a +6 ring of dexterity (left hand)


   Skills:
 + Level 3.5 Fighting
 + Level 2.3 Polearms
 + Level 2.3 Armour
 + Level 1.6 Dodging
 + Level 1.1 Shields
 * Level 1.7 Spellcasting
 + Level 3.0 Invocations


You had 5 spell levels left.
You knew the following spells:

 Your Spells              Type           Power      Damage    Failure   Level
a - Apportation           Tloc           0%         N/A       54%         1

Your spell library contained the following spells:

 Spells                   Type           Power      Damage    Failure   Level
 Magic Dart               Conj           0%         1d3       54%         1
 Call Imp                 Summ           0%         N/A       67%         2
 Gell's Gravitas          Tloc           0%         N/A       88%         3
 Mephitic Cloud           Conj/Pois/Air  0%         N/A       88%         3
 Summon Guardian Golem    Hex/Summ       0%         N/A       88%         3
 Teleport Other           Tloc           0%         N/A       88%         3
 Dispersal                Tloc           0%         N/A       100%        6
 Orb of Destruction       Conj           0%         9d5       100%        7
 Spellforged Servitor     Conj/Summ      0%         N/A       100%        7


Dungeon Overview and Level Annotations

Branches:
Dungeon (3/15)

Altars:


Innate Abilities, Weirdness & Mutations

You have a somewhat thin skeletal structure. (Dex +2, Stealth+)


Message History

The black bear barely misses you.
The black bear claws you but does no damage.
You closely miss the black bear.
The black bear is heavily wounded.
The black bear closely misses you.
The black bear claws you but does no damage.
The black bear closely misses you.
You aren't carrying any scrolls.
You aren't carrying any potions.
You closely miss the black bear.
The black bear is heavily wounded.
The black bear completely misses you.
The black bear claws you but does no damage.
The black bear closely misses you.
You closely miss the black bear.
The black bear is heavily wounded.
You hit the black bear.
The black bear is severely wounded.
The black bear bites you. The black bear closely misses you.
The black bear claws you but does no damage.
You hit the black bear.
The black bear is severely wounded.
The black bear bites you.
The black bear claws you but does no damage.
The black bear barely misses you.
You hit the black bear.
The black bear is almost dead.
The black bear bites you. The black bear claws you.
* * * LOW HITPOINT WARNING * * *
The black bear barely misses you.
You hit the black bear but do no damage.
The black bear is almost dead.
The black bear goes berserk!
You barely miss the black bear.
The black bear is almost dead.
The black bear bites you!
* * * LOW HITPOINT WARNING * * *
The black bear closely misses you. The black bear misses you.
The black bear bites you!
You die...

,,,.gg....g..#*****
#.###.##.#
,,,.........#*
#........# ,,,,,****#..#
#####.#### *,**** #..#
#.# # *,* #####..# #.#
*,* #?...).# #.# #
*.####.###)#########
#####.# #
*........).†...h...###
#.....####
*#.....###.#####@....#
#.###..... #.###** #.#
##.###.###.#....... *<*
#>####.#.##.....).......
*,*
#.......###.#.#.....####
*,*
######......#.###.###...
*,* ####.#..........#
#.## *,*
######(...######...###
#.# *,* #.........#
###.# #.#
*,***#....###### #.# #.#


You could see a black bear (berserk).

Vanquished Creatures
  An orc priest (D:3)
  2 adders
  A worm (D:2)
  3 dart slugs
  4 orcs (D:3)
  2 endoplasms
  A giant cockroach (D:1)
  11 goblins
  3 hobgoblins
  6 jackals
  A kobold (D:1)
  3 quokkas
  5 ball pythons
  7 bats
  2 frilled lizards
  7 rats
59 creatures vanquished.

Notes
Turn   | Place    | Note
-------+----------+-------------------------------------------
     0 | Abyss:1  | suipiss the Demonspawn Abyssal Knight began the quest for
                  | the Orb.
     0 | Abyss:1  | Reached XP level 1. HP: 18/18 MP: 2/2
    13 | Abyss:1  | Found a corrupted altar of Lugonu.
   110 | Abyss:1  | Found a corrupted altar of Lugonu.
   113 | D:1      | Escaped the Abyss
   161 | D:1      | Reached skill level 1 in Dodging
   212 | D:1      | Gained mutation: You have a somewhat thin skeletal
                  | structure. (Dex +2, Stealth+) [demonic ancestry]
   212 | D:1      | Reached XP level 2. HP: 24/24 MP: 3/3
   459 | D:1      | Found a faded altar of an unknown god.
   556 | D:1      | Got Plato's Grimoire of Displacement
   559 | D:1      | Learned a level 1 spell: Apportation
   581 | D:1      | Reached *** piety under Lugonu
   687 | D:2      | Reached XP level 3. HP: 29/29 MP: 5/5
  1572 | D:2      | Reached skill level 1 in Spellcasting
  2027 | D:3      | Reached XP level 4. HP: 35/35 MP: 6/6
  2342 | D:3      | Reached skill level 1 in Shields
  2679 | D:3      | Noticed a black bear
  2701 | D:3      | HP: 1/35 [black bear (9)]
  2701 | D:3      | Mangled by a black bear

Illustrated notes

Levels and vault maps discovered:
D:1:      saegor_arrival_simple_b, layout_rooms,
          shapermc_ecumenical_altar_rom_forum
D:2:      layout_basic
D:3:      minmay_angry_zag, layout_loops_ring, minmay_goblin_kobold_house,
          uniq_robin

Skill      XL: |  1  2  3  4 |
---------------+-------------+-----
Dodging        | 1 |  1.6
Polearms       | 2 |  2.3
Armour         | 2 |  2.3
Spellcasting   | 1 |  1.7
Invocations    | 3 |  3.0
Shields        | 1 |  1.1
Fighting       | |  3.5

Action                   |  1- 3 |  4- 6 || total
-------------------------+-------+-------++-------
Melee: Spear             |   134 |   114 ||   248
       Punch             |       |     3 ||     3
  Use: Scroll            |       |     9 ||     9
       Potion            |       |     4 ||     4
 Stab: Sleeping          |     7 |     2 ||     9
       Distracted        |       |     2 ||     2
Armor: Leather armour    |     2 |       ||     2
       Ring mail         |    21 |    55 ||    76
Dodge: Dodged            |    42 |    75 ||   117
